 Dungeon Crawl Stone Soup version 0.29.0-7-g18a832c13a (webtiles) character file.

Game seed: 222757058077255910

793 Woods the Insei (level 7, -1/38 HPs)
             Began as a Vine Stalker Transmuter on Aug 31, 2022.
             Was an Initiate of Yredelemnul.
             Slain by a gnoll
             ... wielding a +0 flail
             ... led by a gnoll sergeant
              (9 damage)
             ... on level 5 of the Dungeon.
             The game lasted 00:07:29 (4802 turns).

Woods the Insei (Vine Stalker Transmuter)           Turns: 4802, Time: 00:07:29

Health: -1/38      AC:  2    Str: 12    XL:     7   Next: 88%
Magic:  0/11       EV: 16    Int: 15    God:    Yredelemnul [......]
Gold:   203        SH:  5    Dex: 15    Spells: 7/10 levels left

rFire   + . .      SeeInvis .     - Unarmed
rCold   + . .      Faith    .   (no shield)
rNeg    . . .      Spirit   +   a - +0 robe
rPois   .          Reflect  +   (helmet currently unavailable)
rElec   .          Harm     .   p - scarf {rC+ rF+}
rCorr   .          Rampage  .   (no gloves)
Will    .....                   (boots currently unavailable)
Stlth   +++.......              f - amulet of reflection
HPRegen 0.92/turn               o - +4 ring of evasion
MPRegen 0.12/turn               i - ring of flight

@: appendages (expiring), flying
A: horns 2, talons 2, fangs 2, regeneration 1, magic shield, antimagic bite, no
potion heal 2
a: End Transformation, Renounce Religion, Recall Undead Harvest


You were on level 5 of the Dungeon.
You worshipped Yredelemnul.
Yredelemnul was noncommittal.
You had temporarily grown beastly horns and talons.
You visited 2 branches of the dungeon, and saw 8 of its levels.

You collected 203 gold pieces.

Inventory:

Armour
 a - a +0 robe (worn)
 e - a +0 helmet (melded)
 p - a scarf of resistance (worn)
Jewellery
 f - an amulet of reflection (around neck)
 i - a ring of flight (right hand)
 o - a +4 ring of evasion (left hand)
Wands
 u - a wand of acid (5)
 x - a wand of flame (18)
Scrolls
 c - 2 scrolls of enchant weapon {unknown}
 g - 2 scrolls of identify {unknown}
 l - a scroll of fear {unknown}
 q - a scroll of teleportation {unknown}
 r - a scroll of blinking {unknown}
 t - a scroll of poison {unknown}
 v - a scroll of vulnerability {unknown}
Potions
 b - a potion of lignification
 d - 8 potions of curing {unknown}
 h - 2 potions of might {unknown}
 j - a potion of brilliance {unknown}
 k - a potion of heal wounds {unknown}
 m - a potion of ambrosia {unknown}
 n - a potion of degeneration {unknown}
 s - a potion of resistance {unknown}
 w - 2 potions of cancellation {unknown}


   Skills:
 + Level 4.9 Fighting
 - Level 1.5 Dodging
 - Level 5.0 Stealth
 - Level 6.0 Unarmed Combat
 - Level 2.2 Spellcasting
 - Level 2.0 Transmutations


You had 7 spell levels left.
You knew the following spells:

 Your Spells              Type           Power      Damage    Failure   Level
a - Beastly Appendage     Tmut           14%        N/A       10%         1
b - Wereblood             Tmut           7%         N/A       14%         2

Your spell library contained the following spells:

 Spells                   Type           Power      Damage    Failure   Level
 Magic Dart               Conj           4%         1d3       22%         1
 Summon Small Mammal      Summ           4%         N/A       22%         1
 Call Imp                 Summ           1%         N/A       32%         2
 Poisonous Vapours        Pois/Air       2%         N/A       32%         2
 Spider Form              Tmut/Pois      4%         N/A       41%         3
 Ignite Poison            Fire/Tmut/Pois 3%         N/A       45%         3
 Call Canine Familiar     Summ           1%         N/A       54%         3
 Mephitic Cloud           Conj/Pois/Air  1%         N/A       54%         3
 Summon Guardian Golem    Hex/Summ       1%         N/A       54%         3
 Ice Form                 Ice/Tmut       4%         N/A       82%         4
 Corpse Rot               Necr/Pois/Air  1%         N/A       91%         4
 Hailstorm                Conj/Ice       1%         3d3       91%         4
 Freezing Cloud           Conj/Ice/Air   0%         6-21      99%         5
 Simulacrum               Ice/Necr       Unusable   N/A       N/A         6

Dungeon Overview and Level Annotations

Branches:
Dungeon (7/15)             Temple (1/1) D:5

Altars:
Dithmenos
Gozag
Hepliaklqana
Kikubaaqudgha
Makhleb
Nemelex Xobeh
Okawaru
Uskayaw
Vehumet
Wu Jian
Yredelemnul
Zin
The Shining One

Shops:
D:3 ![=[


Innate Abilities, Weirdness & Mutations

You have temporarily grown beastly horns and talons.
You have extremely sharp teeth.
Your natural rate of healing is unusually fast.
When hurt, damage is shared between your health and your magic reserves.
Your bite disrupts and absorbs the magic of your enemies.
Potions cannot restore your health.


Message History

Confirm with . or Enter, or press ? or * to list all spells.
You grow a pair of large bovine horns.
Your feet morph into talons.
Your +0 helmet melds into your body.
The gnoll sergeant shouts!
You hit the gnoll but do no damage. The gnoll sergeant misses you.
The gnoll hits you with a +0 flail! You block the gnoll sergeant's attack.
The gnoll closely misses you.
You closely miss the gnoll sergeant. Your kick misses the gnoll sergeant.
You bite the gnoll sergeant, but do no damage.
The gnoll closely misses you.
The gnoll sergeant hits you with a +0 spear!
You closely miss the gnoll sergeant. The gnoll barely misses you.
The gnoll sergeant hits you with a +0 spear!
You hit the gnoll sergeant. Your kick misses the gnoll sergeant.
You headbutt the gnoll sergeant. Your bite misses the gnoll sergeant.
The gnoll sergeant is moderately wounded.
The gnoll closely misses you. You block the gnoll sergeant's attack.
You hit the gnoll sergeant. Your kick misses the gnoll sergeant.
Your headbutt misses the gnoll sergeant.
You punch the gnoll sergeant, but do no damage.
You bite the gnoll sergeant. You drain its power.
You feel invigorated.
The gnoll sergeant is heavily wounded.
You closely miss the gnoll sergeant. Your kick misses the gnoll sergeant.
The gnoll sergeant is heavily wounded.
Your transformation is almost over.
The gnoll closely misses you.
The gnoll sergeant hits you with a +0 spear.
You hit the gnoll sergeant but do no damage.
Your headbutt misses the gnoll sergeant.
You bite the gnoll sergeant, but do no damage.
The gnoll sergeant is heavily wounded.
The gnoll sergeant hits you with a +0 spear!
* * * LOW HITPOINT WARNING * * *
The gnoll closely misses you.
You barely miss the gnoll sergeant.
You bite the gnoll sergeant, but do no damage.
The gnoll sergeant is heavily wounded.
The gnoll hits you with a +0 flail!
You die...
Your body rises from the dead as a mindless zombie.

#.##......#.......
###.##.####......... #
#...##.....#........ #.
#.####.)...#........
###.####.####..............
##........##...#####.......#
# ##..........#.###
##.....<< #.#...........g.#
#....... ##.#...........@###
#....... ..............g..#
##.....#
#....#.#.....##..#####
##...## ..#.#.#.$..........
##..# #.#.#.#.##........
.##.#
.#.>.#..#..####.####..##.
#.#.#.#...## #.>.......
..#.#)#..### #........#
.....#.#...######cg.......


You could see a gnoll sergeant and a gnoll.

Vanquished Creatures
  A sky beast (D:6)
  2 bullfrogs
  A scorpion (D:4)
  2 hounds (D:5)
  2 jellies
  2 iguanas (D:6)
  An orc wizard (D:4)
  5 gnolls
  7 adders
  A white imp (D:6)
  A worm (D:3)
  2 dart slugs
  9 orcs
  7 endoplasms
  4 giant cockroaches
  6 goblins
  8 hobgoblins
  2 jackals (D:1)
  4 quokkas
  10 ball pythons
  7 bats
  A frilled lizard (D:2)
  10 kobolds
  8 rats
103 creatures vanquished.

Vanquished Creatures (collateral kills)
  A necrophage (D:6)
  A jelly (D:6)
  An adder (D:6)
3 creatures vanquished.

Vanquished Creatures (others)
  A hound zombie (D:5)
  A gnoll zombie (D:5)
2 creatures vanquished.

Grand Total: 108 creatures vanquished

Notes
Turn   | Place    | Note
-------+----------+-------------------------------------------
     0 | D:1      | Woods the Vine Stalker Transmuter began the quest for the
                  | Orb.
     0 | D:1      | Reached XP level 1. HP: 9/9 MP: 4/4
    92 | D:1      | Reached skill level 1 in Fighting
   380 | D:1      | Reached XP level 2. HP: 3/14 MP: 3/6
   683 | D:1      | Reached skill level 1 in Stealth
  1166 | D:1      | Reached XP level 3. HP: 18/18 MP: 5/7
  2324 | D:2      | Gained mutation: Your natural rate of healing is unusually
                  | fast. [Vine Stalker growth]
  2324 | D:2      | Reached XP level 4. HP: 23/23 MP: 6/8
  2545 | D:2      | Learned a level 2 spell: Wereblood
  2637 | D:3      | Found a faded altar of an unknown god.
  2662 | D:3      | Found Ugufesse's Jewellery Boutique.
  2957 | D:3      | Found Meihyitz's Antique Armour Emporium.
  2986 | D:3      | Found Lyfen's Armour Boutique.
  3075 | D:3      | Found Ixiahef's Distillery.
  3103 | D:3      | Found a hide-covered altar of Uskayaw.
  3214 | D:3      | Reached skill level 4 in Unarmed Combat
  3214 | D:3      | Reached XP level 5. HP: 27/27 MP: 9/9
  3375 | D:4      | Identified the +2 robe of Ethics {rPois rF- Will- Int+9}
  3452 | D:4      | Identified the +0 spear of Currency {drain, Str+3}
  3477 | D:4      | Reached XP level 6. HP: 22/32 MP: 5/10
  3834 | D:5      | Entered Level 5 of the Dungeon
  3887 | D:5      | Found a staircase to the Ecumenical Temple.
  3897 | Temple   | Entered the Ecumenical Temple
  4063 | Temple   | Became a worshipper of Yredelemnul the Dark
  4207 | D:6      | Reached * piety under Yredelemnul
  4208 | D:6      | Reached skill level 5 in Stealth
  4208 | D:6      | Reached skill level 5 in Unarmed Combat
  4208 | D:6      | Reached XP level 7. HP: 33/37 MP: 9/11
  4239 | D:6      | Reached ** piety under Yredelemnul
  4464 | D:6      | Reached *** piety under Yredelemnul
  4510 | D:6      | Found a hazy altar of Hepliaklqana.
  4536 | D:6      | Reached skill level 6 in Unarmed Combat
  4802 | D:5      | Slain by a gnoll

Illustrated notes

Levels and vault maps discovered:
D:1:      ncdulo_lavacross, layout_loops_corners
D:2:      layout_loops_corners
D:3:      layout_basic, general_overflow_altar, ebering_ecumenical_altar_webs,
          serial_shops, shop, shop, shop, shop
D:4:      layout_cave_pools, skrybe_limestone_x
D:5:      layout_rooms, mainiacjoe_overflow_24_doors, cheibrodos_worm_habitat,
          minmay_temple_entry_grid, uniq_grinder
D:6:      layout_cave_pools, mainiacjoe_overflow_brackets
D:7:      minmay_skewed_foursquare, layout_loops_cross,
          grunt_temple_overflow_forces_of_nature
Temple:   jpeg_temple_clearing

Skill      XL: |  1  2  3  4  5  6  7 |
---------------+----------------------+-----
Fighting       | 1 2 3 4 |  4.9
Stealth        | 1 2 3 4 5 |  5.0
Unarmed Combat | 4 5 6 |  6.0
Dodging        | |  1.5
Spellcasting   | |  2.2
Transmutations | |  2.0

Action                   |  1- 3 |  4- 6 |  7- 9 || total
-------------------------+-------+-------+-------++-------
Melee: Unarmed           |    71 |   153 |    47 ||   271
       Bite              |    11 |    39 |    19 ||    69
       Kick              |    10 |    26 |     5 ||    41
       Headbutt          |    11 |    21 |     6 ||    38
       Punch             |       |     5 |     5 ||    10
 Cast: Beastly Appendage |    31 |    29 |     8 ||    68
       Wereblood         |       |       |     1 ||     1
 Stab: Sleeping          |     7 |     9 |       ||    16
       Distracted        |       |       |     1 ||     1
Armor: Robe              |    12 |     9 |     1 ||    22
Dodge: Dodged            |    38 |    91 |    41 ||   170
Block: Other             |     9 |    32 |    10 ||    51
       Reflection        |       |     3 |     1 ||     4
